AoeStats
← MattAtArms

Arabia

509676902Analyzed
1v1 RM · 5d ago on Sep 27, 2026· 20m 32s· 2 players
Game mode
Random Map
Map size
Tiny (2 player)
Population
200
Speed
Normal
Resources
Standard
Victory
Conquest
Starting age
Dark Age
Ending age
Imperial Age
RankedLock teamsTeams togetherTeam positionsShared explorationLock speedFull tech treeHidden civsTurbo modeCheats
Victory
Defeat
🇺🇸 Cumans · United States
2066
+14
🇬🇧 Huns · United Kingdom
2027
-14
MattAtArms
8:23 Feudal Age
9:08 Double-Bit Axe
10:16 Horse Collar
10:38 Loom
19:03 Castle Age
17:35 Gold Mining
17:55 Fletching
18:56 Bloodlines
19:22 Padded Archer Armor
20:31 Bodkin Arrow
wappla
6:22 Loom
8:42 Feudal Age
9:19 Double-Bit Axe
19:43 Castle Age
18:27 Fletching
18:23 Horse Collar
19:46 Crossbowman
20:22 Bodkin Arrow
Connection lost

Rejoining the realm…

Still unreachable

The connection could not be restored.

Session expired

The server has moved on; the page needs a fresh start.